 Dungeon Crawl Stone Soup version 0.30-a0-879-ga8ba668304 (webtiles) character file.

Game seed: 2604590220812517637

45 Mickster the Poker (level 3, -1/19 HPs)
             Began as a Gargoyle Wanderer on Mar 12, 2023.
             Slain by an orc
             ... wielding a +0 flail
              (5 damage)
             ... on level 3 of the Dungeon.
             The game lasted 00:19:31 (1257 turns).

Mickster the Poker (Gargoyle Wanderer)              Turns: 1257, Time: 00:19:34

Health: -1/19      AC:  5    Str: 14    XL:     3   Next: 64%
Magic:  9/14       EV: 10    Int: 26    God:
Gold:   134        SH:  4    Dex: 15    Spells: 2/5 levels left

rFire   . . .      SeeInvis .    m - +7 mace of Infinity {drain, rN+ Int+7}
rCold   . . .      Faith    .    b - +0 buckler
rNeg    + + .      Spirit   .    d - +0 robe
rPois   ∞          Reflect  .    (no helmet)
rElec   +          Rampage  .    (no cloak)
rCorr   .                        (no gloves)
Will    .....                    (no boots)
Stlth   +                        (no amulet)
HPRegen 0.23/turn                j - ring of magical power
MPRegen 0.14/turn                f - ring of Buer {Int+6 Dex+4 Slay+2}

@: no status effects
A: sickness immunity, AC +3, negative energy resistance 1, electricity
resistance, torment resistance 1, petrification resistance
a: no special abilities


You were on level 3 of the Dungeon.
You visited 1 branch of the dungeon, and saw 3 of its levels.

You collected 134 gold pieces.

Inventory:

Hand Weapons
 a - a +0 spear
 m - the +7 mace of Infinity (weapon) {drain, rN+ Int+7}
   (You found it on level 2 of the Dungeon)

   Int:       It affects your intelligence (+7).
   rN:        It protects you from negative energy.
Missiles
 g - 13 stones
Armour
 b - a +0 buckler (worn)
 d - a +0 robe (worn)
 i - a +0 leather armour
 k - a +0 ring mail
Jewellery
 f - the ring of Buer (right hand) {Int+6 Dex+4 Slay+2}
   (You acquired it on level 1 of the Dungeon)

   [ring of intelligence]

   Int:       It affects your intelligence (+6).
   Dex:       It affects your dexterity (+4).
   Slay:      It affects your accuracy & damage with ranged weapons and melee
   (+2).
 h - a ring of poison resistance
 j - a ring of magical power (left hand)
Potions
 c - a potion of curing
 e - a potion of resistance


   Skills:
 - Level 3.5 Polearms
 + Level 2.1 Armour
 - Level 1.1 Shields
 * Level 1.8 Spellcasting
 * Level 0.1 Conjurations
 * Level 2.2 Fire Magic
 * Level 1.1 Evocations


You had 2 spell levels left.
You knew the following spells:

 Your Spells              Type           Power      Damage    Failure   Level
a - Foxfire               Conj/Fire      32%        2x1d5     9%          1
b - Scorch                Fire           26%        2d6       9%          2

Your spell library contained the following spells:

 Spells                   Type           Power      Damage    Failure   Level
 Momentum Strike          Conj/Tloc      4%         3d8       21%         2
 Blink                    Tloc           4%         N/A       22%         2
 Lesser Beckoning         Tloc           4%         N/A       22%         2
 Inner Flame              Hex/Fire       8%         N/A       26%         3
 Ignite Poison            Fire/Tmut/Pois 6%         N/A       30%         3
 Vhi's Electric Charge    Tloc/Air       4%         N/A       38%         3
 Flame Wave               Conj/Fire      8%         2d5       65%         4
 Sticky Flame             Conj/Fire      8%         2d3       65%         4
 Arcjolt                  Conj/Air       1%         1d11      98%         5
 Maxwell's Capacitive Co  Air            1%         ∞         100%        8


Dungeon Overview and Level Annotations

Branches:
Dungeon (3/15)

Altars:


Innate Abilities, Weirdness & Mutations

You are immune to sickness and miasma.
Your stone body is resilient. (AC +3)
You are immune to poison.
You resist negative energy. (rN+)
You are resistant to electric shocks. (rElec)
You are resistant to unholy torment.
You are immune to petrification.


Message History

Casting: Foxfire (safe; 9% risk of failure)
Confirm with . or Enter, or press ? or * to list all spells.
You conjure some foxfire!
The foxfire hits the orc.
The orc is moderately wounded.
The orc hits you but does no damage.
Casting: Foxfire (safe; 9% risk of failure)
Confirm with . or Enter, or press ? or * to list all spells.
There is not enough space to conjure foxfire!
You sock the orc!
You kill the orc!
The orc hits you but does no damage. The orc barely misses you.
The orc hits you with a +0 flail!
* * * LOW HITPOINT WARNING * * *
The orc hits you but does no damage.
You barely miss the orc. The orc hits you with a +0 flail.
* * * LOW HITPOINT WARNING * * *
The orc hits you with a +0 club.
* * * LOW HITPOINT WARNING * * *
The orc closely misses you.
You feel better. You block the orc's attack. The orc hits you with a +0 club.
The orc hits you but does no damage.
Casting: Foxfire (safe; 9% risk of failure)
Confirm with . or Enter, or press ? or * to list all spells.
Flames lash the orc.
You kill the orc!
The orc hits you with a +0 club.
* * * LOW HITPOINT WARNING * * *
The orc barely misses you. x2
You feel better. The orc hits you with a +0 flail.
The orc hits you with a +0 club.
* * * LOW HITPOINT WARNING * * *
The orc closely misses you.
Casting: Scorch (safe; 9% risk of failure)
Confirm with . or Enter, or press ? or * to list all spells.
Flames lash the orc.
You kill the orc!
The orc hits you with a +0 club.
* * * LOW HITPOINT WARNING * * *
The orc hits you with a +0 flail.
You die...

#..............#
#....#####'#####
###### #.#
#########.#
#<........#
###########
########
#....o@#
#....o)#
#......)+
#.......#
#.####### #. #


You could see 2 orcs.

Vanquished Creatures
  2 adders (D:2)
  3 orcs (D:3)
  2 ball pythons (D:2)
  2 endoplasms
  2 giant cockroaches
  3 hobgoblins
  3 jackals (D:2)
  2 bats (D:2)
  2 frilled lizards (D:2)
  A goblin (D:2)
  2 kobolds (D:2)
  A rat (D:2)
25 creatures vanquished.

Vanquished Creatures (others)
  27 foxfires
27 creatures vanquished.

Grand Total: 52 creatures vanquished

Notes
Turn   | Place    | Note
-------+----------+-------------------------------------------
     0 | D:1      | Mickster the Gargoyle Wanderer began the quest for the Orb.
     0 | D:1      | Mickster set off with the following items: a +0 spear, a +0
                  | buckler, a potion of curing, a +0 robe; and the following
                  | spell memorised: Foxfire; and the following spells
                  | available to memorise: Scorch, Ignite Poison.
     0 | D:1      | Reached XP level 1. HP: 10/10 MP: 2/2
    98 | D:1      | Identified a scroll of acquirement
    98 | D:1      | Acquired the ring of Buer {Int+6 Dex+4 Slay+2}
   193 | D:2      | Reached skill level 3 in Polearms
   193 | D:2      | Reached XP level 2. HP: 4/15 MP: 3/3
   630 | D:2      | Reached XP level 3. HP: 16/19 MP: 5/5
   839 | D:2      | Learned a level 2 spell: Scorch
  1032 | D:2      | Identified the +7 mace of Infinity {drain, rN+ Int+7}
  1257 | D:3      | Slain by an orc

Illustrated notes

Levels and vault maps discovered:
D:1:      evilmike_arrival_hilbert_curve, layout_basic, serial_bayou_pond_e,
          interstate_on_off
D:2:      layout_rooms, grunt_decor_cap, serial_bayou_pond_e, hex_tiny,
          uniq_crazy_yiuf_cottage
D:3:      layout_basic, nicolae_ru_path_of_blood, uniq_jessica, uniq_robin

Skill      XL: |  1 |
---------------+----+-----
Polearms       | 3 |  3.5
Armour         | |  2.1
Shields        | |  1.1
Spellcasting   | |  1.8
Conjurations   | |  0.1
Fire Magic     | |  2.2
Evocations     | |  1.1

Action                     || total
---------------------------++-------
  Melee: Spear             ||    21
         Mace              ||     4
   Cast: Foxfire           ||    20
         Scorch            ||     4
    Use: Scroll            ||     4
         Potion            ||     3
 Armour: Robe              ||    19
  Dodge: Dodged            ||    30
  Block: Buckler           ||     7

Table legend: (Time is in decaauts)
 A = Elapsed time spent in this place.
 B = Non-inter-level travel time spent in this place.
 C = Inter-level travel time spent in this place.
 D = Time resting spent in this place.
 E = Time spent auto-exploring this place.
 F = Levels seen in this place.
 G = Mean time per level.
                   A        B        C        D        E       F      G
               +--------+--------+--------+--------+--------+-----+--------+
         Total |   1256 |   1256 |      0 |    392 |      0 |   3 |  418.7 |
       Dungeon |   1256 |   1256 |      0 |    392 |      0 |   3 |  418.7 |
               +--------+--------+--------+--------+--------+-----+--------+

Top non-repeatable levels by time:
     D:2: 1033 daAuts
     D:1: 171 daAuts
     D:3: 52 daAuts
